 Dungeon Crawl Stone Soup version 0.23.2-33-g5129a83184 (webtiles) character file.

Game seed: 1568236007637990390

102 AarnesTheHuman the Skirmisher (level 4, 0/41 HPs)
             Began as a Hill Orc Abyssal Knight on July 31, 2019.
             Was a Believer of Lugonu.
             Succumbed to kobold's curare-tipped needle
             ... on level 3 of the Dungeon.
             The game lasted 00:06:19 (2395 turns).

AarnesTheHuman the Skirmisher (HOAK)                Turns: 2395, Time: 00:06:19

Health: 0/41       AC:  2    Str: 15    XL:     4   Next: 77%
Magic:  6/6        EV: 11    Int: 12    God:    Lugonu [**....]
Gold:   223        SH:  0    Dex: 10    Spells: 3/3 levels left

rFire    . . .     SeeInvis .   a - +1 hand axe
rCold    . . .     Gourm    .   (no shield)
rNeg     . . .     Faith    .   m - +0 robe (curse)
rPois    .         Spirit   .   (no helmet)
rElec    .         Reflect  .   (no cloak)
rCorr    .         Harm     .   (no gloves)
MR       .....                  (no boots)
Stlth    +.........             (no amulet)
HPRegen  0.13/turn              (no ring)
MPRegen  0.10/turn              (no ring)

@: lethally poisoned (0 -> -11), slowed, very slow
A: no striking features
a: Depart the Abyss, Bend Space, Renounce Religion


You were on level 3 of the Dungeon.
You worshipped Lugonu.
Lugonu was pleased with you.
You were hungry.

You visited 1 branch of the dungeon, and saw 3 of its levels.
You visited the Abyss 1 time.

You collected 223 gold pieces.

Inventory:

Hand Weapons
 a - a +1 hand axe (weapon)
Armour
 b - a +0 leather armour
 i - a +0 cloak
 k - a +0 pair of boots
 m - a cursed +0 robe (worn)
 n - a +1 scale mail
Wands
 l - a wand of flame (18)
Scrolls
 g - a scroll of identify
Potions
 e - 2 potions of resistance
 h - a potion of agility {unknown}
 j - a potion of curing {unknown}
 p - 2 potions of degeneration {unknown}
Comestibles
 c - 2 rations


   Skills:
 + Level 4.6 Fighting
 + Level 4.1 Axes
 + Level 3.3 Armour
 - Level 0.7 Dodging
 - Level 3.1 Invocations


You had 3 spell levels left.
You didn't know any spells.
Your spell library was empty.

Dungeon Overview and Level Annotations

Branches:
Dungeon (3/15)

Altars:
Okawaru
Qazlal
Vehumet
Wu Jian

Annotations:
D:3 Jessica


Message History

The kobold hits you but does no damage. The rat barely misses you.
You hit the rat but do no damage.
The rat is heavily wounded.
You hit the kobold.
* * * LOW HITPOINT WARNING * * *
You feel very sick. The kobold closely misses you. The rat bites you.
* * * LOW HITPOINT WARNING * * *
The kobold barely misses you.
You slash the rat!
You kill the rat!
Lugonu accepts your kill.
You hit the kobold.
You kill the kobold!
Lugonu accepts your kill.
* * * LOW HITPOINT WARNING * * *
You feel sick. The adder barely misses you.
You slash the adder!
The adder is almost dead.
You die...

#$........[.# .#
#..........# . .
#..........# @. #.
#....##.###
...#.###.....#..###
........).#..(....#
..........#.(##...#
......(......###..#
#...(@S##..# ...#
#....#)......#..#
##...##....#.#..#
#...# ##........
.....# ##........
##..... ......
#..... ..... ......
..


You could see an adder.

Vanquished Creatures
  Terence (D:2)
  2 adders (D:2)
  An ooze (D:2)
  A worm (D:2)
  A dart slug (D:1)
  A leopard gecko (D:1)
  6 bats
  4 giant cockroaches
  2 goblins (D:2)
  4 hobgoblins
  4 jackals (D:1)
  7 kobolds
  2 quokkas (D:2)
  3 frilled lizards
  8 rats
47 creatures vanquished.

Notes
Turn   | Place    | Note
-------+----------+-------------------------------------------
     0 | Abyss:1  | AarnesTheHuman the Hill Orc Abyssal Knight began the quest
                  | for the Orb.
     0 | Abyss:1  | Reached XP level 1. HP: 19/19 MP: 2/2
     9 | D:1      | Escaped the Abyss
   160 | D:1      | Reached XP level 2. HP: 22/27 MP: 4/4
   798 | D:1      | Reached XP level 3. HP: 30/33 MP: 5/5
   810 | D:1      | Reached ** piety under Lugonu
  1072 | D:2      | Found an ornate altar of the Wu Jian Council.
  1091 | D:2      | Noticed Terence
  1108 | D:2      | Killed Terence
  1108 | D:2      | Reached XP level 4. HP: 6/41 MP: 6/6
  1492 | D:2      | Found an iron altar of Okawaru.
  1492 | D:2      | Found a radiant altar of Vehumet.
  1493 | D:2      | Found a stormy altar of Qazlal.
  2389 | D:3      | Noticed Jessica
  2394 | D:3      | HP: 1/41 [poisoned by kobold (curare-tipped needle)]
  2395 | D:3      | Succumbed to kobold's curare-tipped needle

Skill      XL: |  1  2  3  4 |
---------------+-------------+-----
Axes           | 3 4 |  4.1
Fighting       | 4 |  4.6
Invocations    | 3 |  3.1
Armour         | 3 |  3.3
Dodging        | |  0.7

Action                   |  1- 3 |  4- 6 || total
-------------------------+-------+-------++-------
Melee: Hand axe          |   116 |    67 ||   183
  Use: Scroll            |       |     6 ||     6
  Eat: Chunk             |     1 |     3 ||     4
Armor: Leather armour    |    36 |     2 ||    38
       Scale mail        |       |    32 ||    32
       Robe              |       |     1 ||     1
Dodge: Dodged            |    78 |    39 ||   117
